 Dungeon Crawl Stone Soup version 0.28-a0-769-g550dbda0cd (webtiles) character file.

Game seed: 16764709914112989481

104 cheechan the Skirmisher (level 4, 0/44 HPs)
             Began as a Naga Fighter on Oct 31, 2021.
             Slain by a gnoll (11 damage)
             ... on level 3 of the Dungeon.
             The game lasted 00:07:44 (1557 turns).

cheechan the Skirmisher (Naga Fighter)              Turns: 1557, Time: 00:07:44

Health: 0/44       AC: 12    Str: 19    XL:     4   Next: 80%
Magic:  4/4        EV:  7    Int:  9    God:
Gold:   83         SH:  4    Dex: 10    Spells: 3/3 levels left

rFire   . . .      SeeInvis +   a - +1 trident (protect)
rCold   . . .      Faith    .   c - +0 buckler
rNeg    . . .      Spirit   .   b - +0 scale mail
rPois   +          Reflect  .   (no helmet)
rElec   .          Harm     .   (no cloak)
rCorr   .          Rampage  .   (no gloves)
Will    .....                   (no barding)
Stlth   ..........              (no amulet)
HPRegen 0.14/turn               (no ring)
MPRegen 0.09/turn               (no ring)

@: mighty, under a protective aura, very slow
A: AC +1, large, see invisible, deformed body, poison resistance, slowness 2,
spit poison 1, naga tail 1
a: Spit Poison


You were on level 3 of the Dungeon.
You visited 1 branch of the dungeon, and saw 3 of its levels.

You collected 83 gold pieces.

Inventory:

Hand Weapons
 a - a +1 trident of protection (weapon)
 i - a +0 hand axe
Missiles
 g - 50 stones
 j - 36 arrows
Armour
 b - a +0 scale mail (worn)
 c - a +0 buckler (worn)
Magical Staves
 e - a staff of air
Jewellery
 f - a ring of see invisible
 h - an amulet of reflection
Potions
 l - a potion of heal wounds {unknown}
 m - a potion of degeneration {unknown}


   Skills:
 + Level 3.7 Fighting
 + Level 2.8 Polearms
 + Level 3.1 Armour
 + Level 0.4 Dodging
 + Level 0.5 Stealth
 + Level 2.8 Shields


You had 3 spell levels left.
You didn't know any spells.
Your spell library was empty.

Dungeon Overview and Level Annotations

Branches:
Dungeon (3/15)

Altars:


Innate Abilities, Weirdness & Mutations

Your serpentine skin is tough. (AC +1)
You have supernaturally acute eyesight. (SInv)
Armour fits poorly on your strangely shaped body.
Your system is resistant to poisons. (rPois)
You cover ground very slowly.
You can spit poison.
You have a snake-like lower body.


Message History

The gnoll barely misses you. You block the orc's attack.
You block the gnoll's attack. The gnoll barely misses you.
Things that are here:
a +0 club; a gnoll corpse You hit the gnoll but do no damage.
Your weapon exudes an aura of protection.
The gnoll is severely wounded.
The orc hits you with a +0 whip. The gnoll hits you with a +0 halberd.
You puncture the gnoll!
You kill the gnoll!
The gnoll looks more healthy.
The orc hits you but does no damage. x2
You barely miss the gnoll.
The gnoll hits you with a +1 flail of protection.
The orc barely misses you.
You hit the gnoll but do no damage.
The gnoll hits you with a +1 flail of protection.
* * * LOW HITPOINT WARNING * * *
The orc hits you with a +0 whip.
* * * LOW HITPOINT WARNING * * *
The gnoll hits you with a +1 flail of protection.
* * * LOW HITPOINT WARNING * * *
You feel better. The orc hits you but does no damage.
The gnoll hits you with a +1 flail of protection!
* * * LOW HITPOINT WARNING * * *
You hit the gnoll.
The gnoll is lightly wounded.
The orc hits you with a +0 whip.
* * * LOW HITPOINT WARNING * * *
The gnoll barely misses you.
You hit the gnoll but do no damage.
The gnoll is lightly wounded.
The orc hits you but does no damage.
The gnoll hits you with a +1 flail of protection.
* * * LOW HITPOINT WARNING * * *
You feel better. The orc hits you but does no damage.
The gnoll hits you but does no damage.
You feel very mighty all of a sudden. The orc hits you but does no damage.
The gnoll hits you with a +1 flail of protection!
You die...

....... ...... ##...
#... ###### #...
#....## #... #
+.....# #...
#.###.....#######...
#gg@o.............##
#####...............
##..........####
#..........+
#..........#
#..........#
#..........#
#..........#
####+#######


You could see 2 gnolls and an orc.

Vanquished Creatures
  3 adders (D:2)
  2 gnolls (D:3)
  A dart slug (D:1)
  An orc (D:3)
  5 ball pythons
  3 endoplasms
  5 giant cockroaches
  10 goblins
  2 quokkas
  4 bats
  6 frilled lizards
  6 kobolds
  3 rats
51 creatures vanquished.

Notes
Turn   | Place    | Note
-------+----------+-------------------------------------------
     0 | D:1      | cheechan the Naga Fighter began the quest for the Orb.
     0 | D:1      | Reached XP level 1. HP: 21/21 MP: 1/1
   114 | D:1      | Reached XP level 2. HP: 26/28 MP: 2/2
   645 | D:1      | Reached XP level 3. HP: 31/34 MP: 3/3
  1043 | D:2      | Found a faded altar of an unknown god.
  1091 | D:2      | Reached XP level 4. HP: 44/44 MP: 4/4
  1557 | D:3      | Slain by a gnoll

Illustrated notes

Levels and vault maps discovered:
D:1:      minmay_arrival_cross, layout_basic
D:2:      layout_loops_ring, ebering_ecumenical_altar_abandoned
D:3:      layout_basic

Skill      XL: |  1  2  3  4 |
---------------+-------------+-----
Armour         | 3 |  3.1
Fighting       | |  3.7
Polearms       | |  2.8
Dodging        | |  0.4
Stealth        | |  0.5
Shields        | |  2.8

Action                   |  1- 3 |  4- 6 || total
-------------------------+-------+-------++-------
Melee: Trident           |    96 |    69 ||   165
 Abil: Spit Poison       |     4 |     3 ||     7
  Use: Scroll            |     5 |       ||     5
       Potion            |       |     3 ||     3
Armor: Scale mail        |    57 |    41 ||    98
Dodge: Dodged            |    36 |    34 ||    70
Block: Buckler           |    17 |    16 ||    33

Table legend: (Time is in decaauts)
 A = Elapsed time spent in this place.
 B = Non-inter-level travel time spent in this place.
 C = Inter-level travel time spent in this place.
 D = Time resting spent in this place.
 E = Time spent auto-exploring this place.
 F = Levels seen in this place.
 G = Mean time per level.
                   A        B        C        D        E       F      G
               +--------+--------+--------+--------+--------+-----+--------+
         Total |   2108 |   2108 |      0 |     30 |      0 |   3 |  702.7 |
       Dungeon |   2108 |   2108 |      0 |     30 |      0 |   3 |  702.7 |
               +--------+--------+--------+--------+--------+-----+--------+

Top non-repeatable levels by time:
     D:1: 1046 daAuts
     D:2: 830 daAuts
     D:3: 231 daAuts
